 Dungeon Crawl Stone Soup version 0.26.1-11-gd32895ea62 (webtiles) character file.

Game seed: 7769517868544479750

3319 alphawulf the Archer (level 10, -1/77 HPs)
             Began as a Gnoll Hunter on July 2, 2021.
             Was an Initiate of Okawaru.
             Slain by a two-headed ogre
             ... wielding a +0 giant club
              (11 damage)
             ... while petrified by a basilisk
             ... on level 8 of the Dungeon.
             The game lasted 00:32:00 (9385 turns).

alphawulf the Archer (Gnoll Hunter)                 Turns: 9385, Time: 00:32:00

Health: -1/77      AC:  9    Str: 17    XL:     10   Next: 2%
Magic:  17/17      EV:  2    Int: 14    God:    Okawaru [......]
Gold:   392        SH:  0    Dex: 16    Spells: 18/18 levels left

rFire    + . .     SeeInvis +   a - +3 shortbow
rCold    . . .     Faith    .   (shield currently unavailable)
rNeg     + + +     Spirit   .   i - +1 leather armour {rPois}
rPois    ∞         Reflect  .   s - +2 helmet {SInv}
rElec    .         Harm     .   (no cloak)
rCorr    .         Rampage  .   (no gloves)
Will     .....     Rnd*Rage +   c - +0 pair of boots
Stlth    ++++......             (no amulet)
HPRegen  0.22/turn              j - ring of stealth
MPRegen  0.15/turn              (no ring)

@: petrified
A: distributed training, fangs 1, berserk 1, fire resistance 1, strong nose
a: Renounce Religion


You were on level 8 of the Dungeon.
You worshipped Okawaru.
Okawaru was noncommittal.
You visited 2 branches of the dungeon, and saw 9 of its levels.
You also visited: Sewer.

You collected 392 gold pieces.

Inventory:

Hand Weapons
 a - a +3 shortbow (weapon)
 b - the +9 war axe "Modoolei" {venom, SInv}
   (You found it on level 7 of the Dungeon)

   It poisons the flesh of those it strikes.
   It lets you see invisible.
Missiles
 d - 81 arrows (quivered ammo)
 p - 22 bolts
Armour
 c - a +0 pair of boots (worn)
 i - a +1 leather armour of poison resistance (worn)
 s - a +2 helmet of see invisible (worn)
Jewellery
 j - a ring of stealth (left hand)
Wands
 h - a wand of enslavement (9)
 v - a wand of acid (7)
Scrolls
 e - 8 scrolls of remove curse
 g - 6 scrolls of teleportation
 m - 2 scrolls of amnesia
Potions
 k - a potion of haste
 l - a potion of invisibility
 n - a potion of cancellation
 o - a potion of might
 q - a potion of flight
 r - 2 potions of curing
 u - a potion of attraction


   Skills:
 + Level 6.7 Fighting
 + Level 4.8 Short Blades
 + Level 4.8 Long Blades
 + Level 4.8 Axes
 + Level 4.8 Maces & Flails
 + Level 4.8 Polearms
 + Level 4.8 Staves
 + Level 4.8 Slings
 + Level 9.8 Bows
 + Level 4.8 Crossbows
 + Level 4.8 Throwing
 + Level 4.8 Armour
 + Level 6.7 Dodging
 + Level 5.4 Stealth
 + Level 4.8 Shields
 + Level 4.8 Unarmed Combat
 + Level 4.8 Spellcasting
 + Level 4.0 Conjurations
 + Level 4.0 Hexes
 + Level 4.0 Summonings
 + Level 4.0 Necromancy
 + Level 4.0 Translocations
 + Level 4.0 Transmutations
 + Level 4.0 Fire Magic
 + Level 4.0 Ice Magic
 + Level 4.0 Air Magic
 + Level 4.0 Earth Magic
 + Level 4.0 Poison Magic
 + Level 5.3 Invocations
 + Level 4.8 Evocations


You had 18 spell levels left.
You didn't know any spells.
Your spell library was empty.

Dungeon Overview and Level Annotations

Branches:
Dungeon (8/15)             Temple (1/1) D:7           Sewer (visited)
   Lair: D:8-11

Altars:
Ashenzari
Cheibriados
Dithmenos
Elyvilon
Fedhas
Gozag
Hepliaklqana
Kikubaaqudgha
Makhleb
Nemelex Xobeh
Okawaru
Qazlal
Ru
Sif Muna
Trog
Uskayaw
Wu Jian
Xom
Yredelemnul
Zin
The Shining One

Shops:
D:5 *


Innate Abilities, Weirdness & Mutations

Your experience applies equally to all skills.
You have very sharp teeth.
Your uncanny sense of smell can sniff out nearby items.
You tend to lose your temper in combat.
Your flesh is heat resistant. (rF+)


Message History

You feel magically purged.
A yak comes into view.
The basilisk gazes at you.
You are slowing down.
The basilisk gazes at you.
Your limbs have turned to stone.
You have turned to stone.
The wyvern hisses angrily.
The two-headed ogre hits you with a +0 giant club!
The two-headed ogre hits you with a +0 giant club.
The wyvern bites you!
The two-headed ogre hits you with a +0 giant club! x2
The yak bellows!
The wyvern bites you! The wyvern bites you.
The two-headed ogre hits you with a +0 giant club. x2
The wyvern bites you! x2
The basilisk bites you!
The two-headed ogre hits you with a +0 giant club!!
* * * LOW HITPOINT WARNING * * *
The two-headed ogre hits you with a +0 giant club!!
You die...

..#### ...... .. ...(..
....##.. #.# ....(
........ ..(.## #...(
......#......#.##)(. #
......#.#..#....... .#
........ #......#Y##.####
......# #..lOl......[
......# #..@........
......# #.#.........
......# #. #.#........#
......####.###.#.........
........#......#........#
##......................#
#............>...########
#................#
#................#


You could see a two-headed ogre, a yak, a basilisk and a wyvern.

Vanquished Creatures
  Pikel (D:5)
  A troll (D:7)
  Menkaure (D:4)
  A water moccasin (D:8)
  2 phantoms
  A necrophage (D:7)
  3 ogres
  2 centaurs
  2 big kobolds (D:7)
  4 bullfrogs
  3 scorpions
  A howler monkey (D:4)
  A crimson imp (D:6)
  A bullfrog zombie (D:7)
  6 hounds
  A bullfrog skeleton (D:8)
  3 jellies
  2 orc priests
  A centaur skeleton (D:4)
  An iguana (D:5)
  Jessica (D:2)
  5 orc wizards
  5 worker ants
  A worker ant zombie (D:7)
  13 adders
  7 gnolls (D:4)
  2 shadow imps
  A white imp (D:5)
  An ufetubus (D:6)
  3 oozes
  5 worms
  2 dart slugs
  12 leopard geckos
  25 orcs
  6 ball pythons
  11 giant cockroaches
  10 goblins
  10 hobgoblins
  6 jackals
  4 quokkas
  5 bats
  7 frilled lizards
  A jackal skeleton (D:4)
  19 kobolds
  A leopard gecko skeleton (D:4)
  A quokka skeleton (D:7)
  12 rats
  A spectral orc (D:2)
  A bush (D:2)
216 creatures vanquished.

Vanquished Creatures (others)
  A plant (D:4)
1 creature vanquished.

Grand Total: 217 creatures vanquished

Notes
Turn   | Place    | Note
-------+----------+-------------------------------------------
     0 | D:1      | alphawulf the Gnoll Hunter began the quest for the Orb.
     0 | D:1      | Reached XP level 1. HP: 20/20 MP: 1/1
    52 | D:1      | Reached XP level 2. HP: 26/26 MP: 2/2
   426 | D:1      | Reached XP level 3. HP: 30/31 MP: 3/3
   804 | D:1      | Reached skill level 1 in Invocations
   883 | D:2      | Reached skill level 1 in Short Blades
   883 | D:2      | Reached skill level 1 in Long Blades
   883 | D:2      | Reached skill level 1 in Axes
   883 | D:2      | Reached skill level 1 in Maces & Flails
   883 | D:2      | Reached skill level 1 in Polearms
   883 | D:2      | Reached skill level 1 in Staves
   883 | D:2      | Reached skill level 1 in Slings
   883 | D:2      | Reached skill level 1 in Crossbows
   883 | D:2      | Reached skill level 1 in Throwing
   883 | D:2      | Reached skill level 1 in Armour
   883 | D:2      | Reached skill level 1 in Shields
   883 | D:2      | Reached skill level 1 in Unarmed Combat
   883 | D:2      | Reached skill level 1 in Spellcasting
   883 | D:2      | Reached skill level 1 in Evocations
   985 | D:2      | Reached XP level 4. HP: 38/38 MP: 5/5
  1200 | D:2      | Reached skill level 1 in Conjurations
  1200 | D:2      | Reached skill level 1 in Hexes
  1200 | D:2      | Reached skill level 1 in Summonings
  1200 | D:2      | Reached skill level 1 in Necromancy
  1200 | D:2      | Reached skill level 1 in Translocations
  1200 | D:2      | Reached skill level 1 in Transmutations
  1200 | D:2      | Reached skill level 1 in Fire Magic
  1200 | D:2      | Reached skill level 1 in Ice Magic
  1200 | D:2      | Reached skill level 1 in Air Magic
  1200 | D:2      | Reached skill level 1 in Earth Magic
  1200 | D:2      | Reached skill level 1 in Poison Magic
  1682 | D:2      | Noticed Jessica
  1699 | D:2      | Killed Jessica
  1700 | D:2      | Reached XP level 5. HP: 27/43 MP: 5/7
  2085 | D:2      | Found a basalt altar of Yredelemnul.
  2395 | D:3      | Found a glowing drain.
  2416 | Sewer    | Entered a sewer
  2662 | Sewer    | Reached XP level 6. HP: 48/50 MP: 8/8
  2685 | Sewer    | Reached skill level 5 in Fighting
  2685 | Sewer    | Reached skill level 5 in Dodging
  3006 | D:3      | Gained mutation: You tend to lose your temper in combat.
                  | [potion of mutation]
  3006 | D:3      | Gained mutation: Your flesh is heat resistant. (rF+)
                  | [potion of mutation]
  3705 | D:4      | Reached XP level 7. HP: 56/56 MP: 10/10
  3805 | D:4      | Noticed Menkaure
  3812 | D:4      | Killed Menkaure
  3947 | D:4      | Found an opulent altar of Gozag.
  4123 | D:4      | Reached skill level 9 in Bows
  4608 | D:4      | Reached XP level 8. HP: 63/63 MP: 12/12
  4944 | D:5      | Entered Level 5 of the Dungeon
  5696 | D:5      | Found a hazy altar of Hepliaklqana.
  5696 | D:5      | Noticed Pikel
  5790 | D:5      | HP: 3/64 [Pikel/+1 whip of freezing (5)]
  5790 | D:5      | HP: 1/64 [Pikel/+1 whip of freezing (2)]
  5794 | D:5      | Killed Pikel
  5795 | D:5      | Reached XP level 9. HP: 1/69 MP: 14/14
  6320 | D:5      | Found Zin's Purification Station.
  6324 | D:5      | Found a glowing silver altar of Zin.
  6654 | D:6      | Found a shimmering altar of Xom.
  6655 | D:6      | Found a burning altar of Makhleb.
  7968 | D:7      | Reached skill level 5 in Stealth
  8187 | D:7      | Noticed a troll
  8197 | D:7      | Killed a troll
  8198 | D:7      | Reached skill level 5 in Invocations
  8375 | D:7      | Found a staircase to the Ecumenical Temple.
  8402 | Temple   | Entered the Ecumenical Temple
  8598 | Temple   | Became a worshipper of Warmaster Okawaru
  8930 | D:7      | Got a slimy war axe
  8931 | D:7      | Identified the +9 war axe "Modoolei" {venom, SInv} (You
                  | found it on level 7 of the Dungeon)
  9363 | D:8      | Reached XP level 10. HP: 75/77 MP: 17/17
  9374 | D:8      | Noticed a two-headed ogre
  9385 | D:8      | Slain by a two-headed ogre

Illustrated notes

Levels and vault maps discovered:
D:1:      tarquinn_simple_flora_water_e, layout_basic
D:2:      layout_rooms, yredelemnul_forgotten_temple_becter, serial_forest,
          infiniplex_forest_lined_room_2, infiniplex_forest_end_3,
          infiniplex_forest_lined_3, infiniplex_forest_corner_1,
          infiniplex_forest_split, infiniplex_forest_lined_2, st_stairs_13,
          minmay_octomino_c4, uniq_jessica
D:3:      layout_basic, cheibrodos_sewer_entry_bend, minmay_stone_trees_medium
D:4:      layout_loops_ring, grunt_gozag_statues, serial_bayou_pond_a,
          uniq_menkaure
D:5:      layout_rooms, zin_purify, nzn_hepliaklqana_mist_gate, uniq_pikel
D:6:      layout_layer_cave, grunt_temple_overflow_champion_of_chaos
D:7:      layout_loops_ring, minmay_temple_entry_fiery, enter_bailey_3
D:8:      layout_rooms, david_lair_generic, uniq_psyche, uniq_maggie
Temple:   nicolae_temple_elliptical

Skill      XL: |  1  2  3  4  5  6  7  8  9 |
---------------+----------------------------+-----
Invocations    | 1 2 3 4 5 |  5.3
Short Blades   | 1 2 3 4 |  4.8
Long Blades    | 1 2 3 4 |  4.8
Axes           | 1 2 3 4 |  4.8
Maces & Flails | 1 2 3 4 |  4.8
Polearms       | 1 2 3 4 |  4.8
Staves         | 1 2 3 4 |  4.8
Slings         | 1 2 3 4 |  4.8
Crossbows      | 1 2 3 4 |  4.8
Throwing       | 1 2 3 4 |  4.8
Armour         | 1 2 3 4 |  4.8
Shields        | 1 2 3 4 |  4.8
Unarmed Combat | 1 2 3 4 |  4.8
Spellcasting   | 1 2 3 4 |  4.8
Evocations     | 1 2 3 4 |  4.8
Conjurations   | 1 2 3 4 |  4.0
Hexes          | 1 2 3 4 |  4.0
Summonings     | 1 2 3 4 |  4.0
Necromancy     | 1 2 3 4 |  4.0
Translocations | 1 2 3 4 |  4.0
Transmutations | 1 2 3 4 |  4.0
Fire Magic     | 1 2 3 4 |  4.0
Ice Magic      | 1 2 3 4 |  4.0
Air Magic      | 1 2 3 4 |  4.0
Earth Magic    | 1 2 3 4 |  4.0
Poison Magic   | 1 2 3 4 |  4.0
Stealth        | 3 4 5 |  5.4
Fighting       | 5 6 |  6.7
Dodging        | 5 6 |  6.7
Bows           | 9 |  9.8

Action                   |  1- 3 |  4- 6 |  7- 9 | 10-12 || total
-------------------------+-------+-------+-------+-------++-------
Melee: Short sword       |    33 |       |       |       ||    33
       Bite              |     7 |     6 |    59 |       ||    72
       Whip              |    15 |    54 |       |       ||    69
       Dagger            |       |    62 |   344 |       ||   406
       Punch             |       |     1 |    16 |       ||    17
       Hand axe          |       |       |    53 |       ||    53
       War axe           |       |       |    23 |       ||    23
 Fire: Shortbow          |    43 |   140 |   174 |     5 ||   362
  Use: Scroll            |       |    11 |     6 |       ||    17
       Potion            |       |     1 |     4 |     1 ||     6
 Stab: Sleeping          |       |     1 |     5 |       ||     6
       Invisible         |       |       |     3 |       ||     3
       Distracted        |       |       |     1 |       ||     1
Armor: Leather armour    |     7 |    10 |    70 |       ||    87
       Robe              |       |     2 |     1 |       ||     3
Dodge: Dodged            |    39 |    67 |   223 |       ||   329
